 Dungeon Crawl Stone Soup version 0.22-a0-601-gb0ed703ee0 (webtiles) character file.

432 Faustar the Magician (level 7, -2/41 HPs)
             Began as an Octopode Wizard on July 6, 2018.
             Was an Initiate of Sif Muna.
             Slain by an orc wizard
             ... wielding a +0 dagger
              (3 damage)
             ... on level 3 of the Dungeon.
             The game lasted 00:12:55 (5574 turns).

Faustar the Magician (Octopode Wizard)              Turns: 5574, Time: 00:12:56

Health: -2/41      AC:  1    Str:  6    XL:     7   Next: 0%
Magic:  0/12       EV: 13    Int: 23    God:    Sif Muna [......]
Gold:   214        SH:  0    Dex: 10    Spells: 5/13 levels left

rFire    . . .     SeeInvis .   e - +0 mace
rCold    . . .     Gourm    .   (no shield)
rNeg     . . .     Faith    .   a - +0 hat
rPois    .         Spirit   .   (no amulet)
rElec    .         Reflect  .   (no ring)
rCorr    .         Harm     .   (no ring)
MR       .....                  (no ring)
Stlth    ++........             (no ring)
HPRegen  0.13/turn              (no ring)
MPRegen  0.13/turn              (no ring)
                                (no ring)
                                (no ring)

@: confused, slowed, very slow
A: almost no armour, stealthy swim, amphibious, 8 rings, constrict 8, camouflage
1, gelatinous body 1
a: Renounce Religion


You were on level 3 of the Dungeon.
You worshipped Sif Muna.
Sif Muna was noncommittal.
You were hungry.

You visited 2 branches of the dungeon, and saw 5 of its levels.

You collected 214 gold pieces.

Inventory:

Hand Weapons
 e - a +0 mace (weapon)
Armour
 a - a +0 hat (worn)
 s - a +0 buckler
Jewellery
 k - an uncursed amulet of regeneration {unknown}
 v - an uncursed amulet of faith {unknown}
Wands
 m - a wand of acid (9)
 B - a wand of digging (10)
Scrolls
 b - 3 scrolls of identify {unknown}
 d - 5 scrolls of teleportation {unknown}
 h - a scroll of blinking
 i - a scroll of amnesia {unknown}
 p - 2 scrolls of fog
 q - 2 scrolls of remove curse {unknown}
 w - a scroll of enchant armour {unknown}
 y - a scroll of magic mapping
Potions
 f - a potion of brilliance {unknown}
 g - 3 potions of cancellation {unknown}
 j - a potion of agility {unknown}
 l - 2 potions of curing {unknown}
 n - a potion of magic {unknown}
 o - 2 potions of heal wounds {unknown}
 r - a potion of lignification {unknown}
 t - a potion of flight {unknown}
 u - 2 potions of haste {unknown}
 x - a potion of might {unknown}
 z - a potion of mutation {unknown}
 A - a potion of ambrosia {unknown}
Comestibles
 c - 10 rations


   Skills:
 - Level 2.0 Dodging
 - Level 2.6 Stealth
 + Level 2.7 Shields
 - Level 3.5 Spellcasting
 - Level 3.0 Conjurations
 - Level 2.0 Summonings
 - Level 2.1 Translocations
 - Level 2.8 Air Magic
 - Level 3.0 Poison Magic


You had 5 spell levels left.
You knew the following spells:

 Your Spells              Type           Power        Failure   Level  Hunger
a - Magic Dart            Conj           ###.         3%          1    None
b - Call Imp              Summ           ##......     7%          2    #......
c - Blink                 Tloc           N/A          7%          2    #......
d - Mephitic Cloud        Conj/Pois/Air  ###.....     10%         3    ###....

Your spell library contained the following spells:

 Spells                   Type           Power        Failure   Level  Hunger
 Conjure Flame            Conj/Fire      ##......     19%         3    ###....
 Slow                     Hex            #.......     17%         2    #......


Dungeon Overview and Level Annotations

Branches:
Dungeon (4/15)             Temple (1/1) D:4

Altars:
Ashenzari
Cheibriados
Dithmenos
Gozag
Hepliaklqana
Kikubaaqudgha
Makhleb
Ru
Sif Muna
The Shining One
Beogh

Annotations:
D:3 Sigmund


Innate Abilities, Weirdness & Mutations

You cannot wear most types of armour.
You are very stealthy in the water. (Stealth+)
You are amphibious.
You can wear up to eight rings at the same time.
You can use your tentacles to constrict eight enemies at once.
Your skin changes colour to match your surroundings (Stealth+).
Your rubbery body absorbs attacks. (AC +1, EV +1)


Message History

Aiming: Mephitic Cloud (safe; 10% risk of failure)
Press: ? - help, Shift-Dir - straight line
Okay, then.
The orc wizard mumbles some strange words.
The orc wizard blinks!
The orc wizard closely misses you.
Casting: Mephitic Cloud (safe; 10% risk of failure)
Confirm with . or Enter, or press ? or * to list all spells.
Aiming: Mephitic Cloud (safe; 10% risk of failure)
Press: ? - help, Shift-Dir - straight line, f - orc wizard
Aim: an orc wizard, wielding a dagger and wearing a robe (fast) That beam is likely to hit you.
Continue anyway?
The ball explodes into a vile cloud!
The stinking cloud engulfs the orc wizard. x2
The stinking cloud engulfs you!
The stinking cloud engulfs the orc.
You are engulfed in noxious fumes.
You choke on the stench!
You are confused.
* * * LOW HITPOINT WARNING * * *
The orc wizard is engulfed in noxious fumes.
The orc wizard hits you with a dagger.
You die...

## #o# #.#.# #.##..##......# #o#
#.#.###.##..##......# ######.#
#.......##..##......# ....##.#
##.##...##..##..####### ###.##.#
#..#...##..##......... ###.##.#
##.#...##..###'#...#.. .......#
#.....##..# #........ ......##
##....##..###.#...#.. .#.#.#.#
#..@.##............. .......##
##oo.##.############ #.#.#.#.###
#.o.##.# #.###### ..........#
##.###.# #....... .#.#.#.#..##
###)###.#####..#####
...........###....).........#
#.#.#.#.#......##(##.######'#####
...............##ยง.#.##.........#
.#.#.#.#.#.....###.#.##.........#


You could see 2 orc wizards and an orc.

Vanquished Creatures
  A bullfrog skeleton (D:4)
  4 gnolls (D:4)
  4 adders
  A dart slug (D:1)
  A leopard gecko (D:1)
  6 orcs
  3 giant cockroaches (D:1)
  5 hobgoblins
  4 jackals (D:1)
  2 kobolds
  A quokka (D:3)
  10 bats
  7 frilled lizards
  8 goblins
  4 rats
61 creatures vanquished.

Vanquished Creatures (collateral kills)
  Eustachio (D:4)
  Blork the orc (D:4)
  An orc wizard (D:3)
  6 adders
  4 worms
  3 orcs (D:3)
  2 bats (D:2)
  A giant cockroach (D:2)
  A hobgoblin (D:3)
  2 kobolds
  A ball python (D:3)
23 creatures vanquished.

Vanquished Creatures (others)
  A worker ant (D:4)
1 creature vanquished.

Grand Total: 85 creatures vanquished

Notes
Turn   | Place    | Note
-------+----------+-------------------------------------------
     0 | D:1      | Faustar the Octopode Wizard began the quest for the Orb.
     0 | D:1      | Reached XP level 1. HP: 11/11 MP: 4/4
   321 | D:1      | Reached XP level 2. HP: 17/17 MP: 4/6
   558 | D:1      | Learned a level 2 spell: Call Imp
   561 | D:1      | Learned a level 2 spell: Blink
   786 | D:1      | Reached XP level 3. HP: 21/21 MP: 2/7
  2098 | D:2      | Reached XP level 4. HP: 27/27 MP: 3/9
  3547 | D:3      | Learned a level 3 spell: Mephitic Cloud
  3885 | D:3      | Reached XP level 5. HP: 29/31 MP: 2/10
  3890 | D:3      | Reached skill level 1 in Air Magic
  3890 | D:3      | Reached skill level 1 in Poison Magic
  4195 | D:3      | Noticed Sigmund
  4226 | D:3      | Found a burning altar of Makhleb.
  4291 | D:4      | Noticed Eustachio
  4309 | D:4      | Noticed Blork the orc
  4314 | D:4      | Killed Eustachio
  4314 | D:4      | Reached XP level 6. HP: 33/36 MP: 4/11
  4858 | D:4      | Killed Blork the orc
  4858 | D:4      | Reached skill level 1 in Shields
  5065 | D:4      | Found a staircase to the Ecumenical Temple.
  5094 | Temple   | Entered the Ecumenical Temple
  5220 | Temple   | Became a worshipper of Sif Muna the Loreminder
  5516 | D:4      | Found a roughly hewn altar of Beogh.
  5559 | D:3      | Reached XP level 7. HP: 28/41 MP: 1/12
  5574 | D:3      | HP: 1/41 [cloud of noxious fumes (3)]
  5574 | D:3      | Slain by an orc wizard

Vault maps used:
D:1:      saegor_arrival_simple_b, grunt_decor_fettered, minmay_quantized
D:3:      lemuel_coloured_pillars_altar, first_ration, hex_large, uniq_sigmund
D:4:      minmay_temple_entry_statues_fountains, gup_ossuary_entry_pyramid,
          kennysheep_orc_chapel, uniq_eustachio, uniq_ijyb, uniq_blork_the_orc,
          uniq_robin
Temple:   nicolae_temple_figure_zero

Skill      XL: |  1  2  3  4  5  6 |
---------------+-------------------+-----
Conjurations   | 2 3 |  3.0
Translocations | 2 |  2.1
Summonings     | 2 |  2.0
Air Magic      | 2 |  2.8
Poison Magic   | 2 3 |  3.0
Shields        | 2 |  2.7
Dodging        | |  2.0
Stealth        | |  2.6
Spellcasting   | |  3.5

Action                   |  1- 3 |  4- 6 |  7- 9 || total
-------------------------+-------+-------+-------++-------
Melee: Unarmed           |     3 |       |       ||     3
       Constrict         |     9 |    10 |       ||    19
       Tentacles         |     4 |     2 |       ||     6
       Mace              |    23 |    35 |       ||    58
 Cast: Magic Dart        |    60 |    89 |     1 ||   150
       Call Imp          |    12 |    27 |       ||    39
       Mephitic Cloud    |       |     6 |     1 ||     7
  Use: Scroll            |       |     4 |       ||     4
 Stab: Confused          |       |     1 |       ||     1
  Eat: Chunk             |     4 |    11 |       ||    15
Armor: Skin              |     4 |     7 |       ||    11
Dodge: Dodged            |    32 |    36 |     1 ||    69

Table legend:
 A = Spawn XP
 B = Non-spawn XP
 C = Spawn XP percentage of total XP
 D = Spawn monster count
 E = Non-spawn monster count
 F = Spawn count percentage of total count
 G = Total turns spent on level
                    A         B        C        D         E        F      G
               +---------+---------+-------+---------+---------+-------+---------
         Total |       0 |     618 |   0.0 |       0 |      84 |   0.0 |  5574
               +---------+---------+-------+---------+---------+-------+---------
           D:1 |       0 |      42 |   0.0 |       0 |      24 |   0.0 |  1308
           D:2 |       0 |      61 |   0.0 |       0 |      19 |   0.0 |  1685
           D:3 |       0 |     104 |   0.0 |       0 |      26 |   0.0 |  1710
           D:4 |       0 |     411 |   0.0 |       0 |      15 |   0.0 |   735
               +---------+---------+-------+---------+---------+-------+---------
